Map: Deathaura LE

Players

Asimov - Winner!

  • Race: Terran Terran
  • League: Diamond
  • Spawn Location: 11:00

RyuKey

  • Race: Terran Terran
  • League: Diamond
  • Spawn Location: 5:00

VOD

Have the link to the VOD?

Description

Time

  • Played on: June 21, 2020, 10:16 a.m.
  • Length: 14:32
Show
View Real Time Build Order
Export as new Build Order

Asimov Terran - Winner!

Build Orders:  

Get SALT Encoding   

  12  0:01  SCV  
  13  0:13  SCV  
  14  0:18  Supply Depot  
  14  0:25  SCV  
  15  0:40  SCV  
  15  0:42  Barracks  
  16  0:52  SCV, Refinery  
  17  1:04  SCV  
  18  1:16  SCV  
  19  1:29  Orbital Command, Marine  
  20  1:42  Command Center  
  20  1:50  Marine  
  21  2:00  Supply Depot  
  21  2:03  SCV  
  21  2:09  Marine  
  22  2:16  SCV  
  22  2:17  Factory  
  23  2:28  SCV  
  23  2:29  Refinery  
  24  2:35  Barracks  
  24  2:40  SCV  
  24  2:44  Marine  
  26  2:53  SCV  
  26  2:54  Orbital Command  
  27  3:02  Factory Tech Lab  
  27  3:06  Starport, Marine  
  28  3:13  SCV  
  29  3:21  SCV  
  29  3:23  Siege Tank  
  29  3:26  Marine  
  29  3:27  Marine  
  34  3:31  Orbital Command  
  35  3:34  Supply Depot  
  35  3:37  SCV  
  36  3:44  Marine  
  36  3:48  Viking  
  39  3:49  Marine  
  40  3:57  Siege Tank  
  40  4:02  SCV  
  44  4:08  Refinery  
  44  4:13  Supply Depot, Marine  
  45  4:19  SCV  
  40  4:37  SCV  
  38  4:43  SCV  
  38  4:44  Siege Tank  
  42  4:51  Engineering Bay, Marine  
  43  4:54  SCV  
  43  4:56  SCV  
  45  5:06  Viking, SCV  
  48  5:10  SCV  
  48  5:13  Marine, Barracks Tech Lab  
  50  5:21  Siege Tank  
  50  5:22  SCV  
  50  5:23  SCV  
  50  5:27  Refinery  
  55  5:30  Marine  
  55  5:34  SCV  
  56  5:48  SCV  
  57  5:50  Terran Infantry Weapons Level 1, Command Center  
  57  5:51  Stimpack  
  57  5:53  SCV, Engineering Bay  
  58  6:00  Starport Reactor  
  58  6:01  SCV  
  59  6:05  SCV  
  60  6:13  SCV  
  60  6:18  Barracks Reactor  
  53  6:30  SCV  
  49  6:35  Terran Infantry Armor Level 1  
  49  6:36  Supply Depot  
  49  6:37  SCV  
  49  6:39  Siege Tank  
  53  6:41  Marine  
  53  6:43  SCV  
  55  6:49  SCV  
  55  6:52  Supply Depot  
  55  6:53  Medivac x2  
  55  6:54  Marine x2, Barracks  
  60  6:55  Barracks  
  60  6:56  Barracks  
  60  6:58  SCV  
  60  7:00  Supply Depot, Marine  
  60  7:01  SCV  
  65  7:10  SCV  
  65  7:11  Marine  
  65  7:13  SCV, Supply Depot  
  65  7:14  Marine  
  69  7:25  SCV  
  69  7:26  SCV  
  69  7:28  Orbital Command  
  71  7:32  Supply Depot  
  71  7:34  Combat Shield  
  71  7:35  Supply Depot  
  71  7:37  Armory, Marine  
  71  7:42  Marine  
  71  7:43  Barracks Reactor x2  
  74  7:45  Barracks Reactor  
  73  7:51  Marine  
  73  7:54  SCV, Supply Depot  
  73  7:55  Marine  
  77  7:58  SCV x2  
  78  8:06  SCV  
  78  8:09  Marine x2  
  81  8:13  Supply Depot, Marine  
  81  8:16  SCV  
  82  8:21  Siege Tank  
  82  8:22  Medivac x2  
  89  8:27  Marine x2  
  89  8:31  Marine  
  92  8:41  Marine x3  
  90  8:42  Marine  
  90  8:45  Marine  
  94  8:51  Marine x3  
  94  8:52  Medivac, Marine  
  93  8:59  Marine x4  
  93  9:00  SCV  
  93  9:01  SCV x2  
  100  9:03  Marine  
  100  9:06  Terran Infantry Weapons Level 2  
  100  9:07  Terran Infantry Armor Level 2  
  100  9:08  Terran Vehicle Weapons Level 1  
  100  9:09  Marine x4  
  104  9:12  SCV  
  104  9:13  SCV, Missile Turret  
  104  9:15  Siege Tank  
  104  9:16  Marine  
  110  9:17  Supply Depot, Marine x3  
  110  9:19  SCV  
  110  9:20  Marine  
  110  9:21  Refinery x2  
  110  9:23  Missile Turret x2  
  116  9:24  SCV  
  116  9:25  SCV  
  116  9:27  Marine x3  
  116  9:31  Marine  
  122  9:32  SCV  
  122  9:34  Marine  
  122  9:35  Marine  
  125  9:41  Marine x3  
  125  9:44  Supply Depot, Marine  
  125  9:45  Marine x2  
  131  9:49  Marine, Siege Tank  
  131  9:52  Marine  
  136  9:53  Marine  
  136  9:58  Factory  
  136  9:59  Marine x3  
  139  10:02  Marine x2  
  139  10:03  Marine  
  139  10:06  Marine  
  127  10:10  Marine x2  
  110  10:17  Marine x3  
  110  10:20  Marine x3  
  105  10:21  Siege Tank  
  105  10:24  Marine  
  105  10:28  Marine x2  
  107  10:35  Marine x3  
  99  10:38  Marine x3  
  99  10:42  Marine  
  88  10:46  Marine x2  
  90  10:52  Marine x2  
  90  10:53  Marine, Siege Tank  
  90  10:56  Marine x3  
  94  11:00  Marine  
  94  11:02  SCV  
  94  11:03  Command Center, Marine  
  97  11:04  Marine  
  97  11:07  Medivac  
  97  11:08  Medivac, Orbital Command  
  97  11:10  Marine x3  
  105  11:12  Terran Vehicle Weapons Level 2  
  105  11:14  Marine x3  
  105  11:15  SCV  
  105  11:18  Marine  
  110  11:21  SCV, Marine  
  110  11:22  Factory Tech Lab  
  112  11:37  Medivac x2  
  112  11:39  Refinery  
  116  11:41  Marine x3  
  116  11:47  Missile Turret  
  119  11:49  Marine x3  
  122  11:55  Siege Tank  
  122  11:57  Missile Turret  
  122  12:00  SCV  
  126  12:03  Marauder, Marine  
  126  12:05  SCV x2  
  131  12:12  SCV, Marine x2  
  131  12:14  Marine  
  135  12:16  Marine x2  
  135  12:19  Planetary Fortress  
  135  12:21  Missile Turret  
  122  12:31  Marine x4  
  122  12:32  Marine x2  
  122  12:34  Marine  
  122  12:36  Marine x2  
  131  12:49  Marine x5  
  131  12:50  Marine  
  137  12:52  Marine  
  137  12:54  Marine x2  
  130  13:07  Marine x6  
  130  13:09  Marine  
  130  13:12  Marine x2  
  137  13:25  Marine x6  
  143  13:27  Marine  
  143  13:29  Marine  
  143  13:30  Marine  
  144  13:42  Marine x2  
  144  13:43  Marine x4  
  144  13:45  Marine  
  144  13:47  Marine x2  
  147  14:00  Marine x3  
  147  14:01  Marine x3  
  145  14:03  Marine  
  145  14:05  Marine x2  
Show
View Real Time Build Order
Export as new Build Order

RyuKey Terran 

Build Orders: Liberator Opening 

Get SALT Encoding   

  12  0:03  SCV  
  13  0:15  SCV  
  13  0:18  Supply Depot  
  14  0:28  SCV  
  15  0:31  Refinery  
  15  0:40  SCV  
  16  0:45  Barracks  
  16  0:52  SCV  
  17  1:04  SCV  
  17  1:09  Refinery  
  18  1:16  SCV  
  19  1:29  Supply Depot  
  19  1:32  Reaper  
  21  1:40  Orbital Command  
  20  1:49  Factory  
  20  2:06  Barracks Reactor  
  20  2:08  SCV  
  21  2:20  SCV  
  21  2:25  Supply Depot  
  21  2:32  SCV  
  21  2:34  Hellion, Starport  
  24  2:42  Reaper x2  
  26  2:44  SCV  
  27  2:51  Supply Depot  
  27  2:56  SCV  
  30  2:58  Hellion  
  30  3:08  SCV  
  31  3:14  Supply Depot, Reaper x2  
  31  3:15  Medivac  
  35  3:21  Hellion  
  35  3:24  SCV  
  38  3:36  SCV  
  39  3:44  Factory Tech Lab  
  39  3:45  Liberator  
  42  3:54  SCV  
  43  3:55  Marine  
  43  3:56  Marine  
  45  4:08  Siege Tank  
  48  4:12  Command Center  
  36  4:39  SCV  
  36  4:44  Starport Reactor, Siege Tank  
  39  4:45  Marine x2  
  39  4:50  Engineering Bay  
  39  4:51  Engineering Bay  
  39  4:52  Supply Depot  
  41  4:57  SCV  
  42  5:09  SCV  
  43  5:19  Barracks  
  43  5:21  SCV  
  43  5:23  Factory Tech Lab  
  43  5:24  Medivac  
  46  5:33  SCV  
  46  5:34  Orbital Command  
  47  5:45  SCV  
  46  5:52  Siege Tank  
  46  5:53  Marine x2  
  46  5:55  Viking  
  53  5:57  SCV  
  54  6:07  Stimpack  
  54  6:10  Marine  
  54  6:11  Marine  
  56  6:15  Viking  
  56  6:16  SCV x2  
  55  6:35  SCV x2, Marine x3  
  60  6:41  Terran Infantry Weapons Level 1  
  60  6:50  Command Center  
  60  6:53  SCV, Refinery x2, Marine x2  
  63  6:55  Marine  
  63  6:56  Siege Tank  
  63  6:57  SCV  
  68  7:05  SCV  
  69  7:09  SCV  
  69  7:10  Marine  
  69  7:11  Marine  
  69  7:13  Marine  
  73  7:17  SCV  
  73  7:20  Medivac  
  73  7:22  SCV  
  77  7:28  Marine  
  77  7:29  Missile Turret  
  78  7:31  Terran Infantry Armor Level 1  
  78  7:47  Supply Depot  
  78  7:48  Supply Depot  
  78  7:53  Barracks  
  78  7:54  Combat Shield  
  78  7:55  Barracks x2  
  78  8:02  SCV x2, Marine x3  
  83  8:06  Armory  
  83  8:08  Orbital Command  
  83  8:10  Supply Depot  
  83  8:14  SCV  
  83  8:19  Marine x3  
  84  8:20  Siege Tank  
  90  8:33  SCV x2  
  89  8:37  Marine  
  86  8:43  Supply Depot  
  84  8:53  Marine x4  
  84  8:55  Marine  
  84  8:56  SCV  
  86  9:03  SCV x2  
  86  9:08  SCV  
  86  9:09  Refinery x2  
  89  9:11  Marine x4  
  89  9:13  Marine  
  89  9:15  SCV x2  
  96  9:18  Viking x2  
  96  9:20  SCV  
  96  9:21  Supply Depot  
  101  9:27  SCV x2  
  101  9:28  Marine  
  104  9:31  Barracks Reactor x2  
  104  9:35  Marine x2  
  104  9:36  Siege Tank  
  104  9:37  SCV  
  110  9:40  SCV  
  110  9:41  SCV  
  111  9:46  Marine  
  112  9:53  Marine x2  
  110  10:04  Marine  
  106  10:11  Marine x2  
  106  10:14  Marine x4  
  96  10:15  Siege Tank  
  100  10:22  SCV, Marine  
  97  10:28  Marine  
  97  10:29  Marine  
  97  10:32  Engineering Bay, Marine x4  
  97  10:33  Engineering Bay  
  98  10:40  Marine  
  98  10:46  Marine  
  98  10:47  SCV, Marine  
  101  10:52  SCV, Marine  
  101  11:05  Supply Depot x2  
  101  11:07  Supply Depot  
  101  11:08  SCV x2, Marine x3, Siege Tank  
  109  11:26  Marine x8  
  117  11:37  SCV x3  
  117  11:38  Command Center  
  120  11:40  Siege Tank  
  120  11:41  Medivac  
  120  11:43  Medivac  
  120  11:44  Marine x5  
  132  11:49  SCV  
  133  11:59  Terran Infantry Armor Level 2, Terran Infantry Weapons Level 2  
  133  12:01  Missile Turret  
  133  12:03  Barracks Reactor  
  133  12:05  Missile Turret  
  133  12:18  Supply Depot, Medivac x2  
  133  12:19  SCV x3, Marine x2  
  133  12:20  Supply Depot, Marine  
  133  12:21  Marine x2  
  108  12:37  Marine x4  
  108  12:38  Marine  
  108  12:39  Marine x2  
  108  12:41  SCV  
  108  12:42  SCV, Marine x2  
  119  12:47  Command Center  
  119  12:55  Marine x2  
  119  12:56  Marine x3  
  119  12:57  Marine, Siege Tank  
  113  13:10  Marine x3  
  113  13:11  SCV  
  105  13:13  Marine x2  
  105  13:14  Marine x3  
  105  13:18  Marine  
  105  13:22  SCV  
  99  13:27  Marine  
  99  13:28  Marine x2  
  99  13:29  Siege Tank  
  105  13:36  Command Center  
  105  13:39  Marine x3  
  102  13:55  Marine  
  102  13:56  Marine x5  
  102  13:57  Marine x2  
  102  14:07  SCV  
  102  14:08  SCV x2  
  93  14:13  Marine  
  93  14:14  Marine x2  
  91  14:19  SCV  
  91  14:20  SCV x2  
Tags
 
Add a new tag
Caveats
  • Supply blocks, unpowered buildings, or Contaminate may cause inaccurate times.
  • Supply counts are checked every 10 seconds.